 Dungeon Crawl Stone Soup version 0.29-a0-384-g6960b1960d (webtiles) character file.

Game seed: 17226089506365642030

15078 croobank the Covert (level 11, -2/60 HPs)
             Began as a Spriggan Earth Elementalist on May 6, 2022.
             Was a High Priest of Nemelex Xobeh.
             Shot with an arrow by a centaur warrior (9 damage)
             ... on level 12 of the Dungeon on May 7, 2022.
             The game lasted 01:30:00 (19661 turns).

croobank the Covert (Spriggan Earth Elementalist)  Turns: 19661, Time: 01:30:01

Health: -2/60      AC:  8    Str: 10    XL:     11   Next: 97%
Magic:  10/25      EV: 23    Int: 21    God:    Nemelex Xobeh [*****.]
Gold:   728        SH:  0    Dex: 16    Spells: 5/28 levels left

rFire   . . .      SeeInvis +   C - +4 rapier "Dupsumm" {freeze, rElec}
rCold   + . .      Faith    .   (no shield)
rNeg    . . .      Spirit   .   v - +2 robe {rC+}
rPois   .          Reflect  .   (helmet restricted)
rElec   +          Harm     .   (no cloak)
rCorr   .          Rampage  .   (gloves unavailable)
Will    +....                   (boots unavailable)
Stlth   +++++.....              (no amulet)
HPRegen 0.20/turn               i - +6 ring of strength
MPRegen 0.19/turn               W - +4 ring of protection

@: spiked, very quick
A: very small, no large weapons, unfitting armour, see invisible, speed 3
a: Renounce Religion, Draw Escape, Draw Destruction, Draw Summoning, Triple
Draw, Deal Four, Stack Five


You were on level 12 of the Dungeon.
You worshipped Nemelex Xobeh.
Nemelex Xobeh was extremely pleased with you.
You visited 2 branches of the dungeon, and saw 13 of its levels.

You collected 728 gold pieces.

Inventory:

Hand Weapons
 a - a +3 spectral whip
 b - a +0 hunting sling
 r - a +0 vorpal falchion
 u - a +1 short sword of flaming
 z - a +1 war axe
 A - a +4 vorpal flail
 B - a +4 spear
 C - the +4 rapier "Dupsumm" (weapon) {freeze, rElec}
   (You found it on level 11 of the Dungeon)

   It freezes those it strikes, dealing additional cold damage.
   It can also slow down cold-blooded creatures.
   rElec:     It insulates you from electricity.
 I - a +2 flail of protection
 K - a +5 falchion
 L - a +2 short sword of speed
 M - a +1 vampiric short sword
 N - a +5 dagger
 U - a +1 dagger of distortion
Missiles
 f - 19 stones
 n - 53 poisoned darts
 E - a throwing net
 J - 4 boomerangs
 V - 5 curare-tipped darts
Armour
 d - a +1 robe of willpower
 k - a +0 leather armour
 v - a +2 robe of cold resistance (worn)
Magical Staves
 w - a staff of air
 y - a staff of earth
 P - a staff of cold
Jewellery
 i - a +6 ring of strength (left hand)
 m - a ring of resist corrosion
 W - a +4 ring of protection (right hand)
Wands
 D - a wand of mindburst (3)
 G - a wand of iceblast (7)
 Q - a wand of digging (9)
 S - a wand of paralysis (3)
 T - a wand of flame (20)
Scrolls
 g - 7 scrolls of teleportation
 h - 2 scrolls of torment
 l - a scroll of poison
 x - 2 scrolls of identify
 F - a scroll of amnesia
 R - 2 scrolls of silence
Potions
 c - a potion of magic
 e - 2 potions of flight
 j - a potion of haste
 o - 3 potions of lignification
 p - a potion of cancellation
 q - a potion of resistance
 s - a potion of invisibility
 t - 3 potions of brilliance
 O - a potion of berserk rage


   Skills:
 * Level 8.6 Fighting
 + Level 10.2 Dodging
 + Level 12.0 Stealth
 + Level 9.4 Spellcasting
 + Level 9.8 Transmutations
 + Level 7.5 Earth Magic


You had 5 spell levels left.
You knew the following spells:

 Your Spells              Type           Power      Damage    Failure   Level
a - Sandblast             Erth           82%        2d17      1%          1
b - Stone Arrow           Conj/Erth      50%        3d10      4%          3
c - Passwall              Tmut/Erth      38%        N/A       1%          2
d - Freeze                Ice            36%        1d6       7%          1
e - Petrify               Tmut/Erth      46%        N/A       1%          4
f - Mephitic Cloud        Conj/Pois/Air  9%         N/A       21%         3
g - Blade Hands           Tmut           25%        N/A       3%          5
h - Blink                 Tloc           18%        N/A       11%         2
i - Ensorcelled Hibernat  Hex/Ice        18%        N/A       11%         2

Your spell library contained the following spells:

 Spells                   Type           Power      Damage    Failure   Level
 Ignite Poison            Fire/Tmut/Pois 23%        N/A       5%          3
 Animate Armour           Summ/Erth      50%        N/A       14%         4
 Inner Flame              Hex/Fire       9%         N/A       21%         3
 Lesser Beckoning         Tloc           9%         N/A       21%         3
 Portal Projectile        Hex/Tloc       18%        N/A       21%         3
 Swiftness                Air            9%         N/A       21%         3
 Tukima's Dance           Hex            9%         N/A       21%         3
 Airstrike                Air            4%         N/A       56%         4
 Anguish                  Hex/Necr       4%         N/A       56%         4
 Cause Fear               Hex            4%         N/A       56%         4
 Olgreb's Toxic Radiance  Pois           9%         N/A       56%         4
 Passage of Golubria      Tloc           9%         N/A       56%         4
 Summon Lightning Spire   Summ/Air       9%         N/A       56%         4
 Excruciating Wounds      Necr           4%         N/A       88%         5
 Freezing Cloud           Conj/Ice/Air   4%         6-21      88%         5
 Lightning Bolt           Conj/Air       4%         1d16      88%         5
 Manifold Assault         Tloc           9%         N/A       88%         5
 Silence                  Hex/Air        4%         N/A       88%         5
 Enfeeble                 Hex            4%         N/A       100%        7
 Ozocubu's Refrigeration  Ice            4%         4d5       100%        7
 Storm Form               Tmut/Air       15%        N/A       100%        7
 Discord                  Hex            4%         N/A       100%        8
 Ignition                 Fire           4%         3d4       100%        8
 Lehudib's Crystal Spear  Conj/Erth      12%        10d4      100%        8
 Maxwell's Capacitive Co  Air            4%         ∞         100%        8


Dungeon Overview and Level Annotations

Branches:
Dungeon (12/15)            Temple (0/1) D:5            Lair (0/6) D:8
    Orc (1/2) D:12

Altars:
Nemelex Xobeh
Sif Muna

Shops:
D:5 =


Innate Abilities, Weirdness & Mutations

You are very small and have problems with some larger weapons.
You are too small for most types of armour.
You have supernaturally acute eyesight. (SInv)
You cover ground extremely quickly. (Speed+++)


Message History

Your hell hound bites the red devil!
An arrow appears from out of your range of vision.
The arrow hits your hell hound.
The red devil hits your hell hound with a +0 trident!
Your hell hound is skewered by barbed spikes.
Your hell hound breathes flames at the red devil.
The blast of flame hits the red devil.
The red devil completely resists.
The blast of flame hits the komodo dragon!
Casting: Petrify (dangerous; 1% risk of failure)
Confirm with . or Enter, or press ? or * to list all spells.
Aiming: Stone Arrow (dangerous; 4% risk of failure)
Press: ? - help, Shift-Dir - straight line, f/p - komodo dragon
Aim: a komodo dragon shaped shifter (moderately wounded, 79% to hit)
The stone arrow hits the komodo dragon!!
The komodo dragon is severely wounded.
An arrow appears from out of your range of vision.
The arrow hits your hell hound!
Your hell hound dies!
Your hell hound's corpse disappears in a puff of smoke!
The red devil hits you but does no damage.
You hit the komodo dragon but do no damage.
The komodo dragon is severely wounded.
The komodo dragon changes into a swamp dragon!
The red devil hits you from afar with a +0 trident!
Barbed spikes become lodged in your body.
You barely miss the swamp dragon.
The swamp dragon is lightly wounded.
The red devil misses you.
The centaur warrior shouts!
You puncture the swamp dragon! You freeze the swamp dragon.
The swamp dragon is moderately wounded.
The centaur warrior shoots an arrow.
The arrow hits you!
* * * LOW HITPOINT WARNING * * *
The swamp dragon completely misses you. x3
The red devil hits you from afar with a +0 trident!
* * * LOW HITPOINT WARNING * * *
Barbed spikes become lodged in your body.
The centaur warrior shoots an arrow.
The arrow hits you!
You die...
Your body glows with a rainbow of weird colours and disappears.

..# ......'##....##i.
#.. ..# ...(... ##..##
. ##. ..# $$!.... #.c#
## ..##?$!$... #..#
...##?$!... #..#
#...##)$... #..# ##
##...###### #..# ##.
##...########4.########
#..
##...........D@.......
###
###########..######## #
#''# ## #.## ###### #.
#.# #....## ##. #.#
###<).###.. #.# ####
##..)..<. #.####..##
#....... #........##
##......


You could see a swamp dragon shaped shifter, a centaur warrior and a red devil
(summoned).

Vanquished Creatures
  2 two-headed ogres
  2 boulder beetles (D:12)
  2 ugly things
  A moth of wrath (D:10)
  A manticore (D:12)
  A gargoyle (D:12)
  A komodo dragon (D:11)
  2 trolls
  A hornet (D:9)
  Prince Ribbit (D:5)
  2 slime creatures (D:12)
  3 shadows
  A wraith (D:9)
  A vampire (D:11)
  Sigmund (D:4)
  4 yaks
  A steam dragon (D:6)
  2 acid dragons
  3 ice beasts
  An orc warrior (D:10)
  3 black bears (D:7)
  4 wolves (D:8)
  6 centaurs
  5 phantoms
  5 kobold brigands
  2 bullfrogs
  A scorpion (D:4)
  2 necrophages (D:5)
  11 wights (D:9)
  3 troll zombies (D:12)
  13 killer bees
  8 howler monkeys
  4 electric eels (D:8)
  9 hounds
  6 orc priests
  A centaur zombie (D:9)
  A gnoll shaman (D:6)
  A jelly (D:10)
  4 iguanas
  16 orc wizards
  3 ogre zombies (D:12)
  A mummy (D:9)
  9 gnolls
  6 adders
  2 shadow imps
  A white imp (D:8)
  An ufetubus (D:4)
  2 dart slugs
  A worm (D:3)
  36 orcs
  9 ball pythons
  10 endoplasms
  9 giant cockroaches
  5 hobgoblins
  2 jackals (D:3)
  4 quokkas
  7 bats
  2 frilled lizards
  8 goblins
  A goblin skeleton (D:12)
  2 goblin zombies (D:12)
  2 hobgoblin skeletons (D:12)
  A hobgoblin zombie (D:12)
  27 kobolds
  2 orc skeletons (D:12)
  11 orc zombies (D:12)
  8 rats
310 creatures vanquished.

Vanquished Creatures (collateral kills)
  A two-headed ogre (D:11)
  Sonja (D:11)
  4 yaks (D:8)
  Duvessa (D:4)
  Blork the orc (D:4)
  A gnoll sergeant (D:6)
  Dowan (D:4)
  A hound (D:8)
  A jelly (D:10)
  3 gnolls (D:6)
  A shadow imp (D:8)
  2 orcs
  4 kobolds (D:9)
22 creatures vanquished.

Vanquished Creatures (others)
  An orc (D:8)
  9 plants (D:3)
10 creatures vanquished.

Grand Total: 342 creatures vanquished

Notes
Turn   | Place    | Note
-------+----------+-------------------------------------------
     0 | D:1      | croobank the Spriggan Earth Elementalist began the quest
                  | for the Orb.
     0 | D:1      | Reached XP level 1. HP: 9/9 MP: 5/5
   311 | D:1      | Reached XP level 2. HP: 13/13 MP: 4/6
   898 | D:1      | Reached XP level 3. HP: 16/16 MP: 8/8
   929 | D:1      | Learned a level 3 spell: Stone Arrow
  2490 | D:2      | Reached XP level 4. HP: 21/21 MP: 6/9
  2491 | D:2      | Reached skill level 4 in Stealth
  2760 | D:3      | Learned a level 2 spell: Passwall
  3243 | D:3      | Found a faded altar of an unknown god.
  3441 | D:3      | Got Plato's Collected Works on the Frostbite
  3442 | D:3      | Prayed at the altar of an unknown god.
  3442 | D:3      | Became a worshipper of Nemelex Xobeh the Trickster
  3442 | D:3      | Reached * piety under Nemelex Xobeh
  3707 | D:3      | Received a gift from Nemelex Xobeh
  4025 | D:4      | Noticed a scorpion
  4032 | D:4      | Killed a scorpion
  4033 | D:4      | Reached skill level 1 in Fighting
  4033 | D:4      | Reached XP level 5. HP: 25/25 MP: 8/11
  4145 | D:4      | Noticed Sigmund
  4149 | D:4      | Learned a level 1 spell: Freeze
  4150 | D:4      | Killed Sigmund
  4151 | D:4      | Reached skill level 5 in Stealth
  4151 | D:4      | Reached XP level 6. HP: 30/30 MP: 11/13
  4287 | D:4      | Noticed Blork the orc
  4294 | D:4      | Killed Blork the orc
  4494 | D:4      | Noticed Duvessa
  4524 | D:4      | Reached XP level 7. HP: 18/35 MP: 10/14
  4677 | D:4      | Noticed Dowan
  4691 | D:4      | Killed Duvessa
  4692 | D:4      | Killed Dowan
  4977 | D:4      | Learned a level 4 spell: Petrify
  4981 | D:4      | Learned a level 3 spell: Mephitic Cloud
  5207 | D:5      | Entered Level 5 of the Dungeon
  5262 | D:5      | Noticed Prince Ribbit
  5286 | D:5      | Reached skill level 5 in Dodging
  5327 | D:5      | Reached skill level 6 in Stealth
  5511 | D:5      | Reached ** piety under Nemelex Xobeh
  5548 | D:5      | Reached skill level 5 in Spellcasting
  5939 | D:5      | Found a staircase to the Ecumenical Temple.
  6053 | D:5      | Found Roak Aff's Jewellery Boutique.
  6078 | D:5      | Reached XP level 8. HP: 40/40 MP: 12/16
  6227 | D:5      | Killed Prince Ribbit
  6228 | D:5      | Reached skill level 5 in Transmutations
  6822 | D:6      | Received a gift from Nemelex Xobeh
  6886 | D:6      | Reached skill level 7 in Stealth
  8004 | D:6      | Received a gift from Nemelex Xobeh
  8254 | D:7      | Reached skill level 5 in Earth Magic
  8255 | D:7      | Reached XP level 9. HP: 11/46 MP: 14/19
  8384 | D:7      | Reached skill level 5 in Fighting
  8570 | D:7      | Reached skill level 8 in Stealth
  9496 | D:7      | Reached *** piety under Nemelex Xobeh
  9642 | D:7      | Received a gift from Nemelex Xobeh
  9644 | D:7      | Identified the +8 glaive of Execution {pain, rN+ Dex+3
                  | SInv}
 10545 | D:8      | Killed a troll
 11073 | D:8      | Learned a level 5 spell: Blade Hands
 11088 | D:8      | Reached skill level 9 in Stealth
 11368 | D:8      | Reached XP level 10. HP: 51/53 MP: 13/21
 11448 | D:8      | Learned a level 2 spell: Blink
 11481 | D:8      | Received a gift from Nemelex Xobeh
 11762 | D:8      | Found a staircase to the Lair.
 12234 | D:9      | Noticed a two-headed ogre
 12259 | D:9      | Killed a two-headed ogre
 12480 | D:9      | Reached skill level 10 in Stealth
 12654 | D:9      | Reached **** piety under Nemelex Xobeh
 12654 | D:9      | Received a gift from Nemelex Xobeh
 13207 | D:10     | Entered Level 10 of the Dungeon
 13495 | D:10     | Received a gift from Nemelex Xobeh
 13497 | D:10     | Noticed Nergalle
 13501 | D:10     | Noticed Nergalle
 13501 | D:10     | Nergalle changed into Nergalle the moth of wrath
 13504 | D:10     | Killed Nergalle the moth of wrath
 13688 | D:10     | Reached XP level 11. HP: 57/58 MP: 20/24
 13849 | D:10     | Received a gift from Nemelex Xobeh
 14060 | D:10     | Found a shimmering blue altar of Sif Muna.
 14232 | D:11     | Noticed a two-headed ogre
 14609 | D:11     | Killed a two-headed ogre
 15101 | D:11     | Noticed Sonja
 15107 | D:11     | Killed Sonja
 15112 | D:11     | Noticed a red ugly thing
 15593 | D:11     | Reached skill level 11 in Stealth
 15604 | D:11     | Identified the +4 rapier "Dupsumm" {freeze, rElec}
 15632 | D:11     | Noticed a two-headed ogre
 15654 | D:11     | Killed a two-headed ogre
 15659 | D:11     | Killed a red ugly thing
 16595 | D:12     | Noticed a boulder beetle
 16600 | D:12     | Learned a level 2 spell: Ensorcelled Hibernation
 16926 | D:12     | Noticed a red ugly thing
 16947 | D:12     | Killed a red ugly thing
 17136 | D:12     | HP: 1/60 [gargoyle/stone arrow (14)]
 17404 | D:12     | Found a staircase to the Orcish Mines.
 17416 | D:12     | Received a gift from Nemelex Xobeh
 17485 | D:12     | Noticed a boulder beetle
 17526 | D:12     | Killed a boulder beetle
 17598 | D:12     | Reached ***** piety under Nemelex Xobeh
 17809 | D:12     | Reached skill level 10 in Dodging
 17870 | D:12     | Noticed a centaur warrior
 18266 | D:12     | Killed a boulder beetle
 18707 | D:12     | Received a gift from Nemelex Xobeh
 19275 | Orc:1    | Entered Level 1 of the Orcish Mines
 19275 | Orc:1    | Noticed an orc knight
 19640 | D:12     | Reached skill level 12 in Stealth
 19650 | D:12     | Noticed a swamp dragon
 19652 | D:12     | a swamp dragon changed into a komodo dragon
 19659 | D:12     | Noticed a swamp dragon
 19659 | D:12     | a komodo dragon changed into a swamp dragon
 19661 | D:12     | Shot with an arrow by a centaur warrior

Illustrated notes

Levels and vault maps discovered:
D:1:      lemuel_arrival_funnel, layout_loops_corners
D:2:      layout_basic, chequers_serial_rivers_room_b, minmay_crystal_water,
          kennysheep_nondescript, supply_closet_lemuel, minivault_26
D:3:      layout_rooms, shapermc_ecumenical_altar_rom_forum, serial_bayou,
          serial_bayou_shore_a, serial_bayou_pond_a, serial_bayou_pond_d,
          serial_bayou_pond_d
D:4:      layout_basic, minmay_box_of_dots, uniq_sigmund, uniq_blork_the_orc,
          uniq_duvessa
D:5:      layout_basic, temple_doors_e, serial_shops,
          nicolae_shop_hallway_stairs, uniq_prince_ribbit1
D:6:      layout_basic, serial_corexii_hall, corexii_hall_statues_l,
          chequers_hall_statues_corner_a
D:7:      layout_basic
D:8:      cheibrodos_helix_gallery, layout_loops_ring, erik_lair_island,
          chequers_serial_rivers_marsh
D:9:      layout_cave_pools, serial_undead, serial_undead_e, serial_undead_b,
          serial_undead_a, serial_undead_d, small_chamber_with_monster
D:10:     layout_irregular_city, kennysheep_orc_sif_temple, uniq_nergalle
D:11:     layout_cave_pools, uniq_sonja
D:12:     four-leaf_vault, layout_layer_cave, zombieorc1_lemuel, uniq_josephine
Orc:1:    layout_diamond_mine

Skill      XL: |  1  2  3  4  5  6  7  8  9 10 11 |
---------------+----------------------------------+-----
Dodging        | 3 4 5 6 7 8 10 | 10.2
Spellcasting   | 3 4 5 6 7 8 9 |  9.4
Transmutations | 2 3 4 6 7 8 9 |  9.8
Earth Magic    | 3 4 5 6 7 |  7.5
Stealth        | 4 5 6 7 9 10 12 | 12.0
Fighting       | 1 2 3 4 6 7 8 |  8.6

Action                   |  1- 3 |  4- 6 |  7- 9 | 10-12 || total
-------------------------+-------+-------+-------+-------++-------
Melee: Whip              |    97 |    82 |    43 |       ||   222
       Punch             |       |     2 |     1 |     2 ||     5
       Staff             |       |       |   156 |    27 ||   183
       Rapier            |       |       |       |   123 ||   123
       Unarmed           |       |       |       |     3 ||     3
 Cast: Sandblast         |    33 |    18 |   133 |   192 ||   376
       Stone Arrow       |       |       |     6 |    15 ||    21
       Petrify           |       |       |     1 |    28 ||    29
       Mephitic Cloud    |       |       |       |     3 ||     3
       Ensorcelled Hiber |       |       |       |    11 ||    11
       Freeze            |       |       |       |     5 ||     5
       Blade Hands       |       |       |       |     4 ||     4
Invok: Draw Destruction  |       |     2 |     6 |    35 ||    43
       Draw Summoning    |       |     1 |     2 |     8 ||    11
       Draw Escape       |       |       |     3 |     3 ||     6
       Triple Draw       |       |       |       |     1 ||     1
Evoke: Wand              |       |       |     7 |     2 ||     9
  Use: Scroll            |     6 |       |    14 |     7 ||    27
       Potion            |       |       |     2 |     5 ||     7
 Stab: Sleeping          |     7 |       |     2 |     3 ||    12
       Petrified         |       |       |     9 |     8 ||    17
       Petrifying        |       |       |       |     2 ||     2
       Distracted        |       |       |       |     2 ||     2
Armor: Robe              |    26 |     8 |    29 |    35 ||    98
Dodge: Dodged            |    84 |    59 |   308 |   311 ||   762

Table legend: (Time is in decaauts)
 A = Elapsed time spent in this place.
 B = Non-inter-level travel time spent in this place.
 C = Inter-level travel time spent in this place.
 D = Time resting spent in this place.
 E = Time spent auto-exploring this place.
 F = Levels seen in this place.
 G = Mean time per level.
                   A        B        C        D        E       F      G
               +--------+--------+--------+--------+--------+-----+--------+
         Total |  16497 |  16216 |    281 |   7835 |   5760 |  13 | 1269.0 |
       Dungeon |  16494 |  16213 |    281 |   7835 |   5760 |  12 | 1374.5 |
  Orcish Mines |      2 |      2 |      0 |      0 |      0 |   1 |    2.0 |
               +--------+--------+--------+--------+--------+-----+--------+

Top non-repeatable levels by time:
    D:12: 2827 daAuts
     D:7: 1804 daAuts
     D:8: 1529 daAuts
    D:10: 1509 daAuts
     D:3: 1397 daAuts
    D:11: 1236 daAuts
     D:5: 1200 daAuts
     D:1: 1197 daAuts
     D:6: 1188 daAuts
     D:4: 1007 daAuts
     D:9: 942 daAuts
     D:2: 652 daAuts
   Orc:1: 2 daAuts
